Map: Cerulean Fall LE

Players

uThermaL

  • Race: Terran Terran
  • Spawn Location: 1:00

Reynor - Winner!

  • Race: Zerg Zerg
  • Spawn Location: 7:00

Event: WCS Montreal 2018

VOD

https://www.twitch.tv/videos/307903000?t=04h10m45s

Description

Time

  • Played on: Sept. 9, 2018, 1:09 p.m.
  • Length: 25:44

All games in this series

Show
View Real Time Build Order
Export as new Build Order

uThermaL Terran 

Build Orders: Reaper Expand, Bio Tank, Hellion Banshee 

Get SALT Encoding   

  12  0:01  SCV  
  13  0:13  SCV  
  14  0:17  Supply Depot  
  14  0:25  SCV  
  15  0:38  SCV  
  15  0:40  Barracks  
  16  0:44  Refinery  
  16  0:50  SCV  
  17  1:03  SCV  
  18  1:15  SCV  
  19  1:27  Orbital Command  
  19  1:28  Reaper  
  20  1:39  Command Center  
  20  1:49  Supply Depot  
  20  1:52  SCV  
  21  1:59  Marine  
  22  2:04  SCV  
  22  2:08  Factory  
  23  2:16  SCV  
  25  2:24  Barracks Reactor  
  25  2:28  SCV  
  25  2:38  Command Center  
  25  2:41  SCV  
  26  2:52  Orbital Command  
  26  2:53  SCV  
  27  2:59  Starport  
  27  3:05  SCV  
  28  3:06  Hellion  
  28  3:10  Hellion  
  32  3:13  Barracks Tech Lab  
  32  3:17  SCV x2  
  34  3:22  Refinery  
  34  3:28  Hellion  
  34  3:30  SCV  
  34  3:32  Hellion  
  34  3:33  SCV  
  40  3:43  SCV  
  40  3:45  SCV  
  40  3:47  Banshee  
  45  3:49  Orbital Command  
  45  3:52  Hellion  
  45  3:53  Hellion  
  49  3:57  Barracks Tech Lab  
  49  3:58  SCV  
  49  3:59  SCV  
  51  4:10  Supply Depot, SCV  
  51  4:11  SCV  
  51  4:15  Marine  
  51  4:16  Stimpack  
  54  4:22  SCV  
  55  4:24  SCV  
  55  4:25  Factory Reactor, SCV  
  55  4:26  Barracks  
  57  4:33  Barracks, Marine  
  57  4:35  SCV  
  59  4:39  SCV x2  
  59  4:40  Supply Depot  
  59  4:42  Starport Reactor  
  61  4:47  SCV  
  61  4:50  Engineering Bay  
  61  4:51  Engineering Bay, SCV, Marine  
  64  4:53  SCV  
  65  5:01  Refinery  
  65  5:02  Refinery, SCV  
  65  5:03  SCV  
  65  5:05  Supply Depot, SCV  
  68  5:08  Marine  
  69  5:14  SCV  
  69  5:15  Siege Tank, Marine x2  
  69  5:18  Supply Depot  
  75  5:26  Orbital Command, Terran Infantry Weapons Level 1, Marine  
  75  5:27  Terran Infantry Armor Level 1  
  76  5:28  Marine x2  
  76  5:29  SCV x2  
  76  5:33  Marine  
  76  5:34  Marine  
  82  5:40  Supply Depot x2  
  82  5:41  SCV x2, Medivac  
  86  5:44  Marine  
  86  5:46  Medivac  
  86  5:48  Marine  
  90  5:52  SCV  
  90  5:53  SCV x2  
  90  5:54  Supply Depot  
  90  5:55  Marine  
  90  5:56  Marine x2  
  92  6:02  Marine  
  89  6:04  SCV  
  89  6:05  SCV x2  
  89  6:06  Marine  
  89  6:10  Barracks  
  92  6:12  Marine, Barracks  
  92  6:13  Medivac  
  92  6:14  Marine  
  92  6:16  SCV, Medivac  
  92  6:17  SCV, Marine  
  101  6:20  Marine  
  101  6:21  Combat Shield  
  102  6:26  Siege Tank  
  102  6:27  Refinery x2  
  102  6:28  SCV  
  102  6:30  Supply Depot, SCV  
  102  6:31  Marine  
  108  6:35  SCV  
  108  6:36  Marine x2  
  108  6:37  Supply Depot  
  111  6:40  SCV  
  111  6:41  Armory  
  111  6:44  SCV  
  111  6:46  Marine  
  114  6:47  SCV  
  114  6:48  Medivac  
  114  6:51  Supply Depot  
  114  6:52  Marine x2  
  114  6:54  Marine x2  
  119  6:58  Siege Tank  
  119  7:00  Barracks Reactor x2  
  124  7:01  Supply Depot  
  124  7:04  Marine  
  125  7:09  Marine x2  
  125  7:10  Factory  
  125  7:11  Marine  
  125  7:13  Supply Depot  
  125  7:14  Marine  
  125  7:15  Supply Depot, Medivac  
  131  7:22  Marine  
  132  7:27  Marine x2  
  132  7:29  Marine  
  135  7:31  Marine  
  135  7:34  Medivac  
  138  7:39  Marine  
  138  7:40  Marine  
  138  7:41  Marine x2  
  138  7:42  Supply Depot x2  
  141  7:45  Marine x2  
  141  7:47  Marine x2, Medivac  
  141  7:49  Marine  
  141  7:52  Siege Tank  
  141  7:57  Marine x2  
  144  8:01  Marine x2  
  144  8:03  Marine  
  144  8:04  Medivac  
  131  8:06  Marine  
  131  8:08  Terran Infantry Weapons Level 2, Marine x2  
  131  8:11  Command Center  
  132  8:12  Terran Infantry Armor Level 2  
  132  8:13  Marine  
  132  8:16  Marine x2, Factory Tech Lab  
  132  8:19  Marine x2  
  137  8:21  Marine  
  137  8:22  Terran Vehicle Weapons Level 1  
  137  8:24  Siege Tank, Marine  
  137  8:26  Marine  
  143  8:32  Supply Depot, Marine x2  
  145  8:37  Siege Tank, Marine x2  
  145  8:39  Supply Depot  
  149  8:41  Marine  
  149  8:43  Marine, Medivac  
  149  8:46  Marine x2  
  149  8:48  Marine  
  156  8:49  Medivac  
  154  8:56  Marine x2  
  154  8:59  Siege Tank  
  154  9:01  Supply Depot  
  159  9:05  Marine  
  160  9:10  Marine  
  160  9:11  Siege Tank, Marine  
  160  9:12  Marine x2  
  164  9:18  Barracks, Marine  
  164  9:19  Marine x2, Barracks  
  164  9:22  Barracks  
  167  9:24  Marine  
  167  9:27  Marine  
  169  9:35  Marine  
  169  9:37  Sensor Tower  
  170  9:39  Marine  
  170  9:40  Marine  
  170  9:42  Marine x2  
  173  9:51  Siege Tank x2, Marine x2  
  180  9:55  Planetary Fortress  
  180  9:56  Marine  
  180  9:58  Marine  
  182  10:00  Marine  
  182  10:03  Marine  
  184  10:09  Barracks Tech Lab x2  
  184  10:10  Barracks Tech Lab  
  184  10:21  Marine x2  
  186  10:22  Marine  
  186  10:23  Marine  
  186  10:25  Marine  
  186  10:27  Marine, Medivac  
  190  10:29  Marine x2  
  190  10:31  Medivac  
  190  10:32  Marine  
  190  10:33  Marine x2  
  190  10:41  Terran Infantry Armor Level 3, Terran Infantry Weapons Level 3  
  190  10:47  Marine x3  
  193  10:50  Siege Tank  
  193  10:51  Command Center  
  193  10:56  Terran Vehicle Weapons Level 2  
  196  10:57  Marine, Medivac  
  196  10:58  Marine  
  200  11:16  Marine  
  200  11:17  Marine x2  
  194  11:19  SCV x4  
  194  11:21  Marine  
  194  11:23  Marine x2  
  194  11:24  Siege Tank, Marine x2  
  197  11:26  Marine  
  197  11:28  Marine  
  197  11:31  SCV x2  
  200  11:36  Refinery  
  200  11:37  Refinery, Factory  
  200  11:38  Factory  
  100  11:47  Starport x2, Liberator  
  190  11:57  Marine  
  190  11:59  Marine x3  
  190  12:00  Siege Tank  
  187  12:04  Liberator  
  190  12:12  Marine  
  183  12:25  Marine  
  183  12:28  Siege Tank, Marine  
  185  12:30  Factory Tech Lab  
  185  12:32  SCV  
  185  12:34  Missile Turret, SCV  
  185  12:35  SCV  
  185  12:36  SCV  
  189  12:37  Marine  
  189  12:44  SCV, Marine x2  
  189  12:45  Siege Tank  
  189  12:48  Starport Reactor, Starport Tech Lab  
  189  12:50  Siege Tank  
  195  12:53  Command Center  
  194  13:00  Siege Tank  
  196  13:07  Marine x2  
  196  13:08  Marine  
  196  13:10  Marine x2  
  196  13:14  Marine x2  
  196  13:16  Marine  
  196  13:17  Siege Tank, Marine  
  197  13:22  Marine  
  197  13:23  Siege Tank  
  197  13:24  Marine  
  173  13:33  Siege Tank, Marine  
  176  13:35  Factory Tech Lab  
  176  13:40  Liberator  
  176  13:44  Marine x2  
  178  13:49  Siege Tank  
  181  13:58  Siege Tank, Marine x3  
  190  14:03  Liberator  
  190  14:05  SCV x2  
  190  14:07  Marine  
  190  14:08  SCV  
  165  14:22  Marine  
  157  14:30  Marine  
  157  14:31  SCV x2  
  154  14:35  SCV  
  156  14:43  SCV  
  156  14:44  SCV  
  158  14:50  SCV  
  159  14:55  SCV, Marine x2  
  159  14:56  Marine  
  159  14:57  Marine  
  161  15:02  SCV  
  161  15:06  SCV, Liberator  
  164  15:09  Planetary Fortress  
  164  15:11  SCV  
  164  15:12  Marine  
  164  15:13  Liberator x2  
  165  15:14  Marine x2  
  165  15:21  SCV x2  
  169  15:22  Liberator  
  169  15:23  SCV  
  173  15:33  SCV x2  
  181  15:36  SCV  
  174  15:50  Marauder x2, Marine  
  174  15:56  SCV  
  180  15:57  Sensor Tower  
  180  16:05  SCV  
  180  16:07  Marine  
  180  16:08  Marauder  
  180  16:11  Marine x2  
  179  16:12  Marine  
  179  16:13  Marauder  
  183  16:19  Liberator  
  182  16:27  Marauder, Marine  
  182  16:28  Marine x2  
  188  16:49  Marine  
  188  16:50  Marine x4  
  195  16:54  Marine  
  195  16:56  Marine  
  195  16:57  Command Center  
  200  17:09  Viking x2  
  200  17:14  Viking x2  
  200  17:15  Liberator  
  200  17:22  Liberator  
  200  17:27  Liberator  
  187  17:33  Marine  
  187  17:34  Marauder  
  137  17:46  Marauder x2  
  137  17:49  Marauder, Marine x2  
  138  17:51  Marine  
  138  17:55  Marauder  
  138  17:56  Marine  
  142  17:58  Liberator  
  142  18:00  Marine  
  142  18:02  Marine x3  
  146  18:08  Marauder x2  
  146  18:09  SCV  
  151  18:17  Marine  
  151  18:18  Marauder, Marine x2  
  159  18:21  Medivac  
  159  18:23  Marine  
  159  18:24  Liberator  
  162  18:33  Liberator  
  165  18:52  SCV x2  
  165  18:54  SCV x2  
  162  18:56  Marine  
  162  18:57  Marauder, Marine  
  162  18:59  Marine  
  167  19:04  Planetary Fortress, SCV, Liberator  
  167  19:09  SCV x2  
  170  19:12  Liberator  
  170  19:18  Refinery x2  
  170  19:37  Marine  
  170  19:38  Marauder  
  168  19:39  Liberator  
  168  19:40  Marine  
  168  19:41  Marauder  
  171  19:47  Supply Depot  
  171  19:48  Marine  
  171  19:49  Supply Depot x2  
  170  19:56  Liberator  
  170  19:57  Marauder, Marine  
  173  20:01  Medivac  
  173  20:02  Marine  
  173  20:03  Supply Depot  
  176  20:07  Liberator  
  176  20:08  Marauder, Marine  
  182  20:24  Liberator  
  185  20:37  Command Center  
  185  20:38  Liberator  
  187  20:54  Marauder, Marine  
  153  21:01  Marauder, Marine  
  153  21:04  Medivac  
  142  21:06  Medivac  
  142  21:07  Medivac  
  142  21:11  Marauder, Marine x2  
  142  21:17  Marauder, Marine  
  143  21:21  SCV x2  
  143  21:24  SCV, Marine, Medivac  
  146  21:29  Concussive Shells  
  146  21:33  SCV  
  146  21:35  SCV  
  146  21:36  SCV  
  135  21:41  SCV  
  135  21:44  Marine  
  135  21:45  SCV, Marine  
  136  21:47  Marine  
  136  21:50  Unknown x5  
  123  22:03  SCV, Medivac  
  123  22:04  Marine x2, Medivac  
  123  22:05  Marauder x2  
  123  22:07  Marine  
  123  22:08  Marauder, Marine  
  128  22:10  Marine  
  129  22:15  Marine  
  129  22:16  Marauder  
  129  22:19  SCV x2  
  129  22:22  Marine x2  
  136  22:25  Marine x2  
  136  22:31  Marine  
  136  22:32  Marauder  
  136  22:35  Marine  
  136  22:41  Marauder, Marine  
  136  22:42  Marine  
  136  22:44  Marine  
  136  22:45  Marauder  
  136  22:46  Marine  
  136  22:49  Liberator  
  140  22:51  Marine  
  140  22:52  Marauder  
  140  22:53  Marine  
  140  22:57  Supply Depot  
  142  22:58  Marine  
  142  23:05  Marine  
  138  23:06  Marauder  
  143  23:15  Viking x2  
  142  23:20  Marauder, Marine x2  
  140  23:32  Unknown x2  
  140  23:34  Viking x2  
  140  23:37  Marine  
  140  23:39  Marine  
  126  23:45  Viking  
  126  23:46  Viking  
  117  23:57  Marine  
  117  23:58  Marauder  
  117  24:01  Marine  
  111  24:11  Marauder, Marine  
  114  24:19  Marine  
  115  24:31  Marine  
  116  24:32  Marine  
  90  25:14  Orbital Command, Marine  
Show
View Real Time Build Order
Export as new Build Order

Reynor Zerg - Winner!

Build Orders: Hatch First 

Get SALT Encoding   

  12  0:00  Drone  
  13  0:12  Overlord  
  13  0:17  Drone  
  14  0:31  Drone x2  
  16  0:36  Drone  
  17  0:52  Hatchery  
  17  0:55  Drone  
  17  1:00  Drone  
  18  1:09  Extractor  
  17  1:15  Spawning Pool  
  17  1:16  Drone  
  17  1:20  Drone  
  18  1:29  Drone  
  19  1:41  Overlord  
  19  1:58  Drone  
  20  2:02  Queen  
  20  2:04  Queen  
  20  2:05  Zergling x4  
  26  2:11  Drone  
  27  2:23  Hatchery  
  27  2:25  Drone  
  26  2:32  Spore Crawler  
  26  2:33  Drone  
  26  2:35  Drone  
  26  2:36  Drone  
  29  2:38  Drone  
  29  2:43  Metabolic Boost  
  30  2:52  Queen  
  30  2:56  Overlord  
  32  3:00  Drone  
  32  3:02  Drone  
  32  3:03  Drone  
  35  3:07  Zergling x2  
  36  3:16  Drone x2  
  36  3:17  Overlord  
  36  3:18  Zergling x2  
  39  3:21  Drone  
  39  3:25  Zergling x2  
  41  3:30  Queen  
  41  3:33  Drone  
  44  3:42  Drone x2  
  44  3:43  Drone  
  44  3:45  Queen  
  49  3:50  Overlord  
  49  3:56  Drone x3  
  49  3:57  Zergling x6  
  49  4:00  Drone  
  56  4:08  Overlord  
  56  4:09  Drone x3  
  59  4:12  Drone x3  
  62  4:17  Queen  
  62  4:24  Overlord  
  64  4:30  Drone x2  
  65  4:34  Overlord  
  65  4:35  Spore Crawler  
  65  4:38  Evolution Chamber  
  63  4:39  Evolution Chamber  
  63  4:41  Queen  
  63  4:42  Drone x3  
  63  4:45  Zergling x4  
  69  4:46  Zergling x2  
  69  4:51  Zergling x4  
  72  4:53  Drone x2  
  72  4:59  Overlord  
  73  5:04  Zerg Ground Armor Level 1  
  73  5:05  Zerg Melee Weapons Level 1  
  73  5:06  Drone x2  
  76  5:07  Drone  
  76  5:09  Overlord  
  76  5:17  Overlord, Drone x4  
  76  5:20  Zergling x2  
  81  5:23  Drone x2  
  81  5:25  Lair  
  81  5:27  Extractor, Zergling x6  
  85  5:28  Drone  
  85  5:29  Drone  
  85  5:33  Overlord, Drone  
  88  5:37  Extractor, Drone x2  
  88  5:39  Drone  
  88  5:40  Extractor  
  89  5:44  Baneling Nest  
  89  5:49  Overlord  
  88  5:55  Zergling x4  
  88  5:56  Zergling x6  
  88  5:57  Drone x2  
  88  5:59  Drone x2  
  88  6:02  Drone x2  
  87  6:08  Zergling x4  
  87  6:10  Drone  
  90  6:15  Hatchery  
  90  6:16  Overlord, Extractor, Hatchery  
  87  6:26  Drone  
  87  6:28  Centrifical Hooks  
  87  6:30  Hydralisk Den  
  87  6:33  Zergling x16  
  87  6:36  Drone x2  
  97  6:42  Overlord  
  97  6:44  Drone x3  
  97  6:45  Drone x2  
  102  6:49  Zergling x8  
  106  6:57  Queen  
  106  6:58  Drone x2  
  106  6:59  Drone  
  111  7:02  Zerg Ground Armor Level 2  
  111  7:03  Zerg Melee Weapons Level 2  
  111  7:14  Muscular Augments  
  111  7:15  Zergling x16  
  119  7:18  Drone x3  
  122  7:26  Overlord x2  
  122  7:30  Hydralisk x3  
  127  7:37  Hydralisk  
  127  7:38  Zergling x6  
  127  7:39  Baneling x3  
  127  7:40  Baneling x4  
  131  7:45  Zergling x6, Hydralisk x2  
  131  7:46  Zergling x8  
  128  7:51  Baneling x4  
  128  7:52  Zergling x2, Hydralisk  
  128  7:54  Zergling x4  
  126  8:02  Zergling x12  
  119  8:10  Drone x3  
  122  8:15  Hydralisk  
  122  8:16  Zergling x10  
  129  8:20  Overlord  
  129  8:22  Zergling x4  
  129  8:25  Zergling x2  
  132  8:29  Hatchery, Zergling x6  
  132  8:30  Hydralisk, Zergling x2  
  132  8:33  Hydralisk  
  136  8:34  Infestation Pit, Zergling x4  
  136  8:37  Zergling x4  
  136  8:40  Hydralisk  
  141  8:41  Zergling x10  
  145  8:49  Drone x4  
  145  8:52  Hydralisk x2  
  145  8:53  Zergling x10  
  151  8:57  Grooved Spines  
  151  8:58  Zergling x8  
  155  9:05  Zergling x4  
  155  9:06  Zergling x2  
  155  9:09  Overlord  
  158  9:19  Hive  
  158  9:20  Overlord x2  
  158  9:21  Zerg Missile Weapons Level 1  
  158  9:23  Drone x5  
  163  9:28  Zergling x10  
  163  9:29  Hydralisk  
  163  9:30  Zergling x8  
  172  9:34  Zergling x6  
  172  9:35  Zergling x4  
  172  9:36  Overlord  
  174  9:45  Queen  
  175  9:53  Overlord  
  175  9:55  Drone x4  
  179  10:03  Zergling x32  
  195  10:12  Hatchery  
  194  10:15  Baneling x3  
  194  10:16  Baneling x13  
  194  10:20  Zergling x12  
  198  10:24  Baneling x9  
  195  10:29  Zergling x10  
  195  10:30  Zergling x2  
  190  10:39  Zergling x14  
  190  10:40  Zergling x12  
  189  10:46  Hydralisk x2  
  189  10:47  Zergling x4  
  189  10:49  Baneling x8  
  195  10:50  Zerg Ground Armor Level 3, Hydralisk  
  195  10:51  Zergling x6  
  198  11:05  Adrenal Glands  
  198  11:10  Zergling x2  
  198  11:11  Zergling x16  
  189  11:24  Zergling x20  
  187  11:30  Drone x5  
  187  11:32  Extractor  
  188  11:33  Baneling  
  188  11:34  Baneling x20  
  188  11:36  Zergling x10  
  188  11:37  Zergling x6  
  189  12:01  Zergling x28  
  182  12:02  Zergling x10  
  182  12:04  Zerg Melee Weapons Level 3  
  170  12:26  Drone x3  
  170  12:28  Ultralisk Cavern  
  170  12:29  Zergling x2  
  174  12:30  Zergling x32  
  174  12:32  Zergling x6  
  174  12:35  Viper x2  
  196  12:41  Zergling x2  
  196  12:42  Zergling x6  
  198  12:57  Zergling x4  
  198  13:11  Hatchery  
  192  13:19  Ultralisk x2  
  195  13:20  Zergling x6, Ultralisk  
  195  13:26  Ultralisk  
  195  13:27  Zergling x10, Ultralisk  
  195  13:33  Zergling x8  
  198  13:35  Extractor  
  196  13:45  Zergling x8  
  196  13:46  Zergling x2  
  189  13:58  Spire, Chitinous Plating  
  185  14:03  Zergling x2  
  185  14:04  Zergling x20  
  185  14:05  Zergling x2  
  194  14:12  Hatchery, Zergling x6, Ultralisk  
  175  14:27  Zergling x2, Ultralisk x2  
  175  14:28  Zergling x20  
  196  14:33  Baneling x2  
  196  14:35  Hydralisk x2  
  200  14:39  Hatchery  
  200  14:41  Extractor  
  200  14:42  Extractor  
  197  14:46  Zerg Missile Weapons Level 2  
  180  15:02  Zergling x20  
  190  15:13  Greater Spire  
  190  15:18  Corruptor x4  
  197  15:49  Pneumatized Carapace  
  197  15:51  Queen  
  180  16:20  Corruptor x4  
  187  16:29  Brood Lord x4  
  187  16:30  Zerg Flyer Weapons Level 1  
  194  16:33  Hatchery  
  192  16:53  Zergling x16  
  191  17:30  Zergling x24  
  191  17:31  Hydralisk x4  
  191  17:32  Zergling x8  
  191  17:34  Hydralisk x3  
  200  17:39  Zergling x4  
  200  17:40  Zergling x8  
  198  18:06  Zerg Missile Weapons Level 3  
  197  18:16  Zergling x4  
  199  18:33  Baneling x2  
  199  18:34  Baneling x5  
  191  19:04  Zergling x18  
  200  19:13  Overseer  
  200  19:14  Overseer x2  
  193  19:31  Corruptor x6  
  196  19:44  Zergling x2  
  196  19:45  Zergling x10  
  200  19:47  Spore Crawler  
  200  19:48  Spore Crawler  
  198  19:59  Zergling x28  
  200  20:03  Baneling x3  
  200  20:04  Baneling x10, Zerg Flyer Weapons Level 2  
  200  20:13  Spine Crawler x2  
  198  20:17  Zergling x4  
  200  20:28  Extractor  
  193  20:51  Zergling x18  
  193  20:54  Ultralisk  
  193  20:55  Zergling x2  
  190  21:04  Zergling x2, Hydralisk, Ultralisk  
  194  21:08  Queen  
  195  21:12  Zergling x2  
  195  21:13  Zergling x6  
  196  21:27  Baneling x9  
  196  21:28  Baneling x7, Zergling x2  
  196  21:29  Zergling x4  
  199  21:39  Ultralisk  
  169  21:41  Hatchery  
  169  21:42  Corruptor  
  169  21:43  Corruptor x4  
  169  21:44  Ultralisk  
  169  21:45  Ultralisk x5  
  191  22:03  Overlord x2  
  185  22:12  Hatchery x2  
  185  22:14  Extractor  
  185  22:15  Extractor  
  181  22:16  Brood Lord x3  
  181  22:17  Brood Lord x2  
  181  22:22  Brood Lord x3, Corruptor  
  197  22:23  Zergling x2  
  200  22:36  Zergling x4  
  200  22:42  Zergling x2  
  199  22:45  Zerg Flyer Weapons Level 3  
  192  22:53  Corruptor  
  192  22:54  Corruptor  
  192  22:55  Zergling x10  
  197  23:07  Corruptor  
  189  23:29  Corruptor x2  
  190  23:41  Spore Crawler  
  188  23:44  Zergling x12  
  194  23:54  Zergling x20  
  193  23:58  Corruptor x3  
  193  23:59  Corruptor  
  188  24:05  Zergling x10  
  188  24:06  Zergling x12  
  183  24:46  Zergling x22  
  183  24:47  Zergling x12  
  196  24:53  Corruptor x2  
  186  25:11  Zergling x12  
  186  25:12  Zergling x12  
  185  25:14  Hydralisk x3  
  185  25:15  Hydralisk  
  185  25:17  Baneling  
  185  25:18  Baneling x12  
  185  25:21  Extractor, Zergling x4  
  194  25:22  Extractor  
Tags
 
Add a new tag
Caveats
  • Supply blocks, unpowered buildings, or Contaminate may cause inaccurate times.
  • Supply counts are checked every 10 seconds.